 Dungeon Crawl Stone Soup version 0.17.0-9-g801d43b (webtiles) character file.

9669 xeno23 the Zephyrmancer (level 11, 0/68 HPs)
             Began as a Tengu Air Elementalist on Nov 9, 2015.
             Was an Elder of Vehumet.
             Slain by a seven-headed hydra (8 damage)
             ... on level 3 of the Lair of Beasts.
             The game lasted 01:16:29 (8822 turns).

xeno23 the Zephyrmancer (Tengu Air Elementalist)    Turns: 8822, Time: 01:16:29

Health: 0/68       AC: 12    Str:  8    XL:     11   Next: 50%
Magic:  6/23       EV: 21    Int: 19    God:    Vehumet [****..]
Gold:   344        SH:  0    Dex: 15    Spells: 6 memorised, 9 levels left

rFire  + . .     SeeInvis .     I - +2 dagger (venom)
rCold  + . .     Clarity  +     K - +2 robe {rF+}
rNeg   . . .     SustAt   .     (no shield)
rPois  .         Gourm    .     (helmet restricted)
rElec  .         Spirit   .     D - +1 cloak
rCorr  .         Warding  .     P - +1 pair of gloves
rMut   .         Stasis   .     (boots unavailable)
MR     +....                    Q - amulet "Zunotof" {Clar rC+}
Stlth  ++........               M - +4 ring of protection
                                S - ring of protection from magic

@: about to teleport, marked, flying quickly and evasively, quick, somewhat
resistant to hostile enchantments, unstealthy
A: beak, talons 3, able to fly 1
a: Renounce Religion


You were on level 3 of the Lair of Beasts.
You worshipped Vehumet.
Vehumet was greatly pleased with you.
You were very hungry.

You visited 3 branches of the dungeon, and saw 12 of its levels.

You collected 572 gold pieces.
You spent 228 gold pieces at shops.

Inventory:

Hand Weapons
 m - a +2 dagger of speed
 B - a +1 dagger of draining
 I - a +2 dagger of venom (weapon)
 L - a +0 dagger of chaos
Missiles
 g - 31 poisoned needles
 s - 3 javelins (quivered)
 O - 5 curare-tipped needles
Armour
 D - a +1 cloak (worn)
 K - a +2 robe of fire resistance (worn)
 P - a +1 pair of gloves (worn)
Magical Staves
 T - an uncursed staff of energy
Jewellery
 x - an uncursed ring of magical power
 y - an uncursed amulet of resist corrosion
 M - a +4 ring of protection (right hand)
 Q - the amulet "Zunotof" (around neck) {Clar rC+}
   (You found it on level 8 of the Dungeon)

   [amulet of clarity]

   It provides mental clarity.
   It protects you from cold.
 S - a ring of protection from magic (left hand)
Wands
 R - a wand of flame (37)
 Y - a wand of enslavement (22)
Scrolls
 e - 3 scrolls of enchant armour
 h - a scroll of acquirement {unknown}
 j - 3 scrolls of remove curse
 n - 5 scrolls of fear {unknown}
 o - 2 scrolls of magic mapping
 p - 2 scrolls of noise {unknown}
 v - 2 scrolls of teleportation
 A - a scroll of fog
 E - 2 scrolls of identify
 F - 3 scrolls of amnesia {unknown}
 G - 2 scrolls of recharging {unknown}
 N - a scroll of silence {unknown}
 U - a scroll of immolation {unknown}
 V - a scroll of summoning {unknown}
 X - a scroll of enchant weapon {unknown}
Potions
 a - a potion of brilliance
 d - 3 potions of curing
 f - a potion of agility
 l - 3 potions of flight
 r - a potion of cure mutation
 t - 2 potions of cancellation
 w - a potion of magic
 z - a potion of lignification
 J - a potion of might {unknown}
Books
 b - a book of Air

   Spells                             Type                      Level
   a - Shock                          Conjuration/Air              1
   b - Swiftness                      Charms/Air                   2
   c - Repel Missiles                 Charms/Air                   2
   d - Static Discharge               Conjuration/Air              3
   e - Lightning Bolt                 Conjuration/Air              5
 H - Sif Muna's Guide on Translocation
   (You found it on level 5 of the Dungeon)

   Spells                             Type                      Level
   a - Apportation                    Translocation                1
Comestibles
 c - 15 bread rations
 i - 7 meat rations
 k - 6 slices of pizza
 u - 3 chunks of flesh
 C - 4 beef jerkies
 W - 10 fruits


   Skills:
 + Level 8.0 Fighting
 + Level 9.1 Dodging
 - Level 2.0 Stealth
 + Level 7.8 Spellcasting
 + Level 10.3 Conjurations
 + Level 10.5 Air Magic


You had 9 spell levels left.
You knew the following spells:

 Your Spells              Type           Power        Failure   Level  Hunger
a - Shock                 Conj/Air       ####         1%          1    None
b - Swiftness             Chrm/Air       ####....     1%          2    None
q - Static Discharge      Conj/Air       #####...     1%          3    #......
r - Repel Missiles        Chrm/Air       ####..       1%          2    None
s - Mephitic Cloud        Conj/Pois/Air  ####....     1%          3    #......
w - Lightning Bolt        Conj/Air       #####.....   1%          5    #####..


Dungeon Overview and Level Annotations

Branches:
Dungeon (8/15)             Temple (1/1) D:6            Lair (3/8) D:8
  Swamp: Lair:3-6    Shoals: Lair:3-6     Snake: Lair:3-6    Spider: Lair:3-6

Altars:
Ashenzari
Cheibriados
Dithmenos
Elyvilon
Fedhas
Gozag
Kikubaaqudgha
Makhleb
Nemelex Xobeh
Okawaru
Qazlal
Sif Muna
Trog
Vehumet
Xom
Yredelemnul
Zin
The Shining One

Shops:
D:4 ?   D:5 (   D:8 (*:}=

Annotations:
Lair:2 Harold, Nergalle
Lair:3 exclusion: oklob plant, Urug


Innate Abilities, Weirdness & Mutations

You have a beak for a mouth.
You have claws for feet.
You can fly.


Message History

The river rat closely misses you.
The river rat bites you but does no damage.
You take 3 damage.
You closely miss the river rat. Your kick misses the river rat.
You peck the river rat.
The river rat is moderately wounded.
The river rat misses you.
The river rat bites you but does no damage.
The river rat misses you. The river rat barely misses you.
You barely miss the river rat.
The river rat is moderately wounded.
The river rat closely misses you. The river rat completely misses you.
The river rat completely misses you. The river rat closely misses you.
The seven-headed hydra bites you.
* * * LOW HITPOINT WARNING * * *
The seven-headed hydra bites you!
* * * LOW HITPOINT WARNING * * *
The seven-headed hydra completely misses you. x2
The seven-headed hydra bites you!
You die...

..# #P....... P.##....
.# #..#.... .?.
###.#..... ....
#......... ..... ###
####.........
.....r#P####.###........
#P.rrr@rr....o.........
#...rrrD.........##....
##..##.######.#####....
## #.# ### ##### ###


You could see a seven-headed hydra, Urug and 9 river rats.

Vanquished Creatures
  3 hydras
  Psyche (D:8)
  3 spiny frogs (Lair:1)
  A komodo dragon (Lair:2)
  A fire drake (Lair:1)
  A two-headed ogre (D:8)
  6 blink frogs
  3 yaks (Lair:1)
  4 hippogriffs
  A human (D:7)
  Menkaure (D:4)
  2 wolves (Lair:2)
  2 black bears (D:6)
  Duvessa (D:7)
  An orc warrior (D:8)
  2 porcupines
  A sky beast (D:6)
  A phantom (D:7)
  2 water moccasins (Lair:1)
  A necrophage (Lair:2)
  2 centaurs
  3 ogres
  A crocodile (Lair:1)
  5 giant frogs
  Dowan (D:7)
  3 killer bees (D:8)
  A scorpion (D:8)
  5 crimson imps
  A centaur zombie (D:5)
  A centaur skeleton (D:8)
  An orc priest (D:4)
  3 giant frog skeletons
  3 hounds
  4 orc wizards
  8 worker ants
  3 iguanas (Lair:1)
  4 sheep (D:7)
  A killer bee zombie (D:6)
  2 hound skeletons
  A hound zombie (D:5)
  7 gnolls
  6 adders
  7 river rats (Lair:2)
  A shadow imp (D:6)
  An ooze (D:1)
  5 worms
  17 orcs
  3 ball pythons
  5 giant cockroaches
  9 hobgoblins
  19 jackals
  9 kobolds
  10 bats
  6 giant geckos
  A giant gecko skeleton (D:4)
  6 giant newts
  11 goblins
  A quokka skeleton (D:5)
  9 rats
224 creatures vanquished.

Vanquished Creatures (others)
  2 fungi
2 creatures vanquished.

Grand Total: 226 creatures vanquished

Notes
Turn   | Place    | Note
--------------------------------------------------------------
     0 | D:1      | xeno23 the Tengu Air Elementalist began the quest for the Orb.
     0 | D:1      | Reached XP level 1. HP: 10/10 MP: 4/4
   112 | D:1      | Reached XP level 2. HP: 13/15 MP: 1/6
   219 | D:1      | Reached XP level 3. HP: 16/19 MP: 0/7
   224 | D:1      | Learned a level 3 spell: Static Discharge
   622 | D:2      | Reached XP level 4. HP: 10/24 MP: 5/9
   774 | D:2      | Found an opulent altar of Gozag.
  1109 | D:3      | Reached skill level 5 in Air Magic
  1109 | D:3      | Gained mutation: You can fly. [Tengu growth]
  1109 | D:3      | Reached XP level 5. HP: 15/28 MP: 0/10
  1213 | D:3      | Found a radiant altar of Vehumet.
  1217 | D:3      | Became a worshipper of Vehumet
  1228 | D:3      | Found an iron altar of Okawaru.
  1471 | D:3      | Found a shattered altar of Ashenzari.
  1760 | D:4      | Learned a level 2 spell: Repel Missiles
  1786 | D:4      | Noticed Menkaure
  1873 | D:4      | Killed Menkaure
  1873 | D:4      | Reached * piety under Vehumet
  1873 | D:4      | Offered knowledge of Sandblast by Vehumet.
  1873 | D:4      | Reached skill level 6 in Air Magic
  1873 | D:4      | Reached XP level 6. HP: 11/32 MP: 11/12
  1877 | D:4      | Learned a level 2 spell: Swiftness
  2418 | D:4      | Reached skill level 5 in Conjurations
  2419 | D:4      | Noticed an ogre
  2423 | D:4      | Killed an ogre
  2425 | D:4      | Reached XP level 7. HP: 36/36 MP: 8/14
  2433 | D:4      | Found Fell's Magic Scroll Emporium.
  2442 | D:4      | Bought a scroll of fog for 24 gold pieces
  2442 | D:4      | Bought a scroll of teleportation for 36 gold pieces
  2442 | D:4      | Bought a scroll of random uselessness for 12 gold pieces
  2444 | D:4      | Bought a scroll of magic mapping for 42 gold pieces
  2444 | D:4      | Bought a scroll of identify for 24 gold pieces
  2687 | D:5      | Entered Level 5 of the Dungeon
  2709 | D:5      | Learned a level 5 spell: Lightning Bolt
  2927 | D:5      | Reached skill level 7 in Air Magic
  2952 | D:5      | Found Tuudas's Antique Weapon Boutique.
  2965 | D:5      | Bought a runed dagger for 44 gold pieces
  3008 | D:5      | Reached ** piety under Vehumet
  3012 | D:5      | Offered knowledge of Throw Frost by Vehumet.
  3139 | D:5      | Found a stormy altar of Qazlal.
  3182 | D:5      | Found a deep blue altar of Sif Muna.
  3193 | D:5      | Reached skill level 1 in Fighting
  3200 | D:5      | Identified Sif Muna's Guide on Translocation
  3225 | D:5      | Reached skill level 5 in Spellcasting
  3225 | D:5      | Reached XP level 8. HP: 23/43 MP: 16/16
  3423 | D:6      | Found a bloodstained altar of Trog.
  3535 | D:6      | Found a glowing golden altar of the Shining One.
  3631 | D:6      | Found a staircase to the Ecumenical Temple.
  3726 | Temple   | Entered the Ecumenical Temple
  4003 | D:6      | Offered knowledge of Mephitic Cloud by Vehumet.
  4008 | D:6      | Learned a level 3 spell: Mephitic Cloud
  4230 | D:6      | Found a white marble altar of Elyvilon.
  4508 | D:7      | Reached XP level 9. HP: 43/52 MP: 16/18
  4593 | D:7      | Reached skill level 5 in Dodging
  4632 | D:7      | Noticed Dowan
  4633 | D:7      | Noticed Duvessa
  4671 | D:7      | Killed Dowan
  4699 | D:7      | Killed Duvessa
  4809 | D:7      | Reached *** piety under Vehumet
  5038 | D:7      | Found a burning altar of Makhleb.
  5038 | D:7      | Found a shimmering altar of Xom.
  5041 | D:7      | Reached skill level 8 in Air Magic
  5130 | D:8      | Found Soditobb's Assorted Antiques.
  5137 | D:8      | Bought a scroll of identify for 46 gold pieces
  5142 | D:8      | Found Larawuecvea's Antique Weapon Shop.
  5172 | D:8      | Noticed Psyche
  5177 | D:8      | Killed Psyche
  5177 | D:8      | Reached skill level 5 in Fighting
  5266 | D:8      | Found Loadghede's Jewellery Shop.
  5451 | D:8      | Got a serpentine lead amulet
  5527 | D:8      | Found a staircase to the Lair.
  5609 | D:8      | Found Ciattize's Gadget Emporium.
  5642 | D:8      | Found a shattered altar of Ashenzari.
  5643 | D:8      | Found a basalt altar of Yredelemnul.
  5660 | D:8      | Found Dusi's Book Shop.
  6074 | Lair:1   | Entered Level 1 of the Lair of Beasts
  6079 | Lair:1   | Noticed a fire drake
  6085 | Lair:1   | Killed a fire drake
  6085 | Lair:1   | Reached XP level 10. HP: 54/60 MP: 18/20
  6139 | Lair:1   | Identified the amulet "Zunotof" {Clar rC+} (You found it on level 8 of the Dungeon)
  6161 | Lair:1   | Offered knowledge of Force Lance by Vehumet.
  6315 | Lair:1   | Reached skill level 9 in Air Magic
  6968 | Lair:1   | Noticed a seven-headed hydra
  7487 | Lair:1   | Killed a seven-headed hydra
  7727 | Lair:2   | Noticed Nergalle
  7731 | Lair:2   | Noticed Harold
  7759 | Lair:1   | Reached XP level 11. HP: 57/67 MP: 7/22
  7895 | Lair:2   | Reached skill level 10 in Air Magic
  7919 | Lair:2   | Noticed an eight-headed hydra
  7931 | Lair:2   | Reached **** piety under Vehumet
  7935 | Lair:2   | Killed an eight-headed hydra
  8275 | Lair:2   | Offered knowledge of Sticky Flame by Vehumet.
  8609 | Lair:3   | Reached skill level 10 in Conjurations
  8637 | Lair:3   | Noticed a six-headed hydra
  8641 | Lair:3   | Killed a six-headed hydra
  8643 | Lair:3   | Noticed a seven-headed hydra
  8745 | Lair:3   | Noticed Urug
  8822 | Lair:3   | Slain by a seven-headed hydra

Action                   |  1- 3 |  4- 6 |  7- 9 | 10-12 || total
-------------------------+-------+-------+-------+-------++-------
Melee: Dagger            |    79 |    43 |   105 |   106 ||   333
Throw: Javelin           |       |       |       |     3 ||     3
 Cast: Shock             |    39 |    66 |   121 |    64 ||   290
       Static Discharge  |     1 |     9 |    41 |    14 ||    65
       Lightning Bolt    |       |       |    12 |    40 ||    52
       Mephitic Cloud    |       |       |       |    11 ||    11
 Abil: Fly               |       |       |     2 |     7 ||     9
  Use: Scroll            |       |     2 |    13 |     5 ||    20
       Potion            |       |     1 |       |     4 ||     5
 Stab: Sleeping          |       |     3 |     8 |       ||    11
       Confused          |       |       |       |     4 ||     4
  Eat: Chunk             |       |     6 |    14 |    14 ||    34
       Royal jelly       |       |       |     1 |       ||     1
       Pizza             |       |       |       |     4 ||     4
       Fruit             |       |       |       |     1 ||     1
